 Dungeon Sprint DCSS version 0.27-a0-1090-gb115f176c6 (webtiles) character file.

Game seed: 4503306020889998982

1312 scammafunk the Grappler (level 8, -2/138 HPs)
             Began as a Troll Monk on Apr 27, 2021.
             Was a Priest of Makhleb.
             Slain by a demonic crawler (9 damage)
             ... in the Dungeon (Sprint I: "Red Sonja").
             The game lasted 00:01:38 (117 turns).

scammafunk the Grappler (Troll Monk)                 Turns: 117, Time: 00:01:38

Health: -2/138     AC:  4    Str: 22    XL:     8   Next: 32%
Magic:  7/7        EV: 13    Int:  6    God:    Makhleb [***...]
Gold:   216        SH:  0    Dex: 12    Spells: 7/7 levels left

rFire    . . .     SeeInvis .     - Unarmed
rCold    . . .     Faith    .   (no shield)
rNeg     . . .     Spirit   .   a - +0 robe
rPois    .         Reflect  .   (helmet restricted)
rElec    .         Harm     .   (no cloak)
rCorr    .         Rampage  .   (gloves unavailable)
Will     .....     NoTele   +   (boots unavailable)
Stlth    ..........             (no amulet)
HPRegen  1.33/turn              (no ring)
MPRegen  0.10/turn              (no ring)

@: berserking, very quick
A: large, unfitting armour, claws 3, regeneration 1, shaggy fur 1, tough skin 1
a: Renounce Religion, Minor Destruction, Lesser Servant of Makhleb


You were in the Dungeon.
You worshipped Makhleb.
Makhleb was most pleased with you.
You visited 1 branch You collected 216 gold pieces.

Inventory:

Hand Weapons
 i - a +0 giant spiked club
Armour
 a - a +0 robe (worn)
Wands
 h - a wand of digging (4)
Scrolls
 g - a scroll of blinking
Potions
 b - a potion of curing
 c - a potion of heal wounds
 d - a potion of haste
 e - 2 potions of magic


   Skills:
 + Level 9.4 Fighting
 + Level 9.4 Dodging
 - Level 1.0 Stealth
 + Level 11.1 Unarmed Combat


You had 7 spell levels left.
You didn't know any spells.
Your spell library was empty.

Dungeon Overview and Level Annotations

Branches:
Dungeon (1/1)

Altars:
Makhleb
Xom
Jiyva
Lugonu


Innate Abilities, Weirdness & Mutations

You are too large for most types of armour.
You have claws for hands.
Your natural rate of healing is unusually fast.
You are covered in fur. (AC +1)
You have tough skin. (AC +1)


Message History

You scratch the demonic crawler but do no damage.
The demonic crawler is heavily wounded.
You mangle the demonic crawler!!
The demonic crawler is almost dead.
The demonic crawler hits you. The demonic crawler closely misses you.
The demonic crawler hits you. x2; The demonic crawler misses you.
The demonic crawler hits you.
You scratch the demonic crawler but do no damage.
The demonic crawler is almost dead.
The demonic crawler barely misses you. The demonic crawler hits you!
* * * LOW HITPOINT WARNING * * *
The demonic crawler hits you but does no damage.
You claw the demonic crawler!
You kill the demonic crawler!
Makhleb accepts your kill.
You can now summon a lesser servant of Makhleb.
You feel better. The demonic crawler hits you.
* * * LOW HITPOINT WARNING * * *
The demonic crawler hits you.
* * * LOW HITPOINT WARNING * * *
The demonic crawler completely misses you.
Your Unarmed Combat skill increases to level 11!
You are too berserk!
You closely miss the demonic crawler.
The demonic crawler is moderately wounded.
The demonic crawler hits you.
* * * LOW HITPOINT WARNING * * *
The demonic crawler closely misses you. The demonic crawler barely misses you.
You claw the demonic crawler!
The demonic crawler is heavily wounded.
The demonic crawler hits you!
* * * LOW HITPOINT WARNING * * *
The demonic crawler closely misses you. The demonic crawler hits you.
* * * LOW HITPOINT WARNING * * *
You scratch the demonic crawler.
The demonic crawler is heavily wounded.
The demonic crawler hits you!
* * * LOW HITPOINT WARNING * * *
The demonic crawler barely misses you. The demonic crawler hits you!
You die...

#####################
)'..#.)'..#__#..@ss.#
.#..'..#..'..'..#s..#
###+#####+#__####...'..#
#### #####..+ +##


You could see 3 demonic crawlers.

Vanquished Creatures
  2 kobold demonologists (D)
  A demonic crawler (D)
  A slime creature (D)
  Sigmund (D)
  A floating eye (D)
  An ogre (D)
  Ijyb (D)
8 creatures vanquished.

Notes
Turn   | Place    | Note
-------+----------+-------------------------------------------
     0 | D        | scammafunk the Troll Monk began the quest for the Orb.
     0 | D        | Reached XP level 1. HP: 22/22 MP: 0/0
     1 | D        | Noticed Ijyb
    11 | D        | Killed Ijyb
    12 | D        | Reached skill level 4 in Unarmed Combat
    12 | D        | Reached XP level 2. HP: 27/31 MP: 1/1
    14 | D        | Noticed an ogre
    19 | D        | Killed an ogre
    20 | D        | Reached skill level 5 in Fighting
    20 | D        | Reached skill level 5 in Dodging
    20 | D        | Reached skill level 6 in Unarmed Combat
    20 | D        | Reached XP level 3. HP: 42/42 MP: 2/2
    20 | D        | Reached XP level 4. HP: 50/50 MP: 3/3
    22 | D        | Noticed Sigmund
    30 | D        | Killed Sigmund
    31 | D        | Reached skill level 7 in Unarmed Combat
    31 | D        | Reached XP level 5. HP: 51/61 MP: 4/4
    31 | D        | Reached XP level 6. HP: 57/68 MP: 5/5
    51 | D        | Found a burning altar of Makhleb.
    51 | D        | Found a viscous altar of Jiyva.
    51 | D        | Found a shimmering altar of Xom.
    51 | D        | Found a corrupted altar of Lugonu.
    51 | D        | Noticed a slime creature
    57 | D        | Killed a slime creature
    58 | D        | Reached skill level 9 in Unarmed Combat
    60 | D        | Became a worshipper of Makhleb the Destroyer
    60 | D        | Reached * piety under Makhleb
    60 | D        | Reached ** piety under Makhleb
    73 | D        | Noticed a kobold demonologist
    73 | D        | Noticed a floating eye
    74 | D        | Noticed a kobold demonologist
    82 | D        | Paralysed by a floating eye for 4 turns
    87 | D        | Killed a kobold demonologist
    88 | D        | Reached XP level 7. HP: 80/81 MP: 6/6
    90 | D        | Reached skill level 10 in Unarmed Combat
    93 | D        | Noticed a red devil
    95 | D        | Killed a kobold demonologist
    96 | D        | Reached XP level 8. HP: 92/92 MP: 7/7
   101 | D        | Noticed a demonic crawler
   101 | D        | Noticed a demonic crawler
   101 | D        | Noticed a demonic crawler
   101 | D        | Noticed a demonic crawler
   114 | D        | Killed a demonic crawler
   114 | D        | Reached *** piety under Makhleb
   115 | D        | Reached skill level 11 in Unarmed Combat
   117 | D        | Slain by a demonic crawler

Illustrated notes

Levels and vault maps discovered:
D:        dungeon_sprint_1 [red_sonja_temple_1, red_sonja_temple_small_1]

Skill      XL: |  1  2  3  4  5  6  7  8 |
---------------+-------------------------+-----
Fighting       | 3 5 6 8 9 |  9.4
Dodging        | 3 5 6 8 9 |  9.4
Unarmed Combat | 4 6 7 9 10 11 | 11.1
Stealth        | |  1.0

Action                   |  1- 3 |  4- 6 |  7- 9 || total
-------------------------+-------+-------+-------++-------
Melee: Unarmed           |    11 |    19 |    20 ||    50
       Punch             |       |     1 |       ||     1
  Use: Potion            |       |       |     1 ||     1
 Stab: Sleeping          |     1 |     1 |       ||     2
Armor: Robe              |     2 |     5 |     8 ||    15
Dodge: Dodged            |     4 |     6 |    37 ||    47

Table legend: (Time is in decaauts)
 A = Elapsed time spent in this place.
 B = Non-inter-level travel time spent in this place.
 C = Inter-level travel time spent in this place.
 D = Time resting spent in this place.
 E = Time spent auto-exploring this place.
 F = Levels seen in this place.
 G = Mean time per level.
                   A        B        C        D        E       F      G
               +--------+--------+--------+--------+--------+-----+--------+
         Total |    107 |    107 |      0 |      8 |      0 |   1 |  107.0 |
       Dungeon |    107 |    107 |      0 |      8 |      0 |   1 |  107.0 |
               +--------+--------+--------+--------+--------+-----+--------+

Top non-repeatable levels by time:
       D: 107 daAuts
